Map: Terraform LE (Void)

Players

jinjinn

  • Race: Terran Terran
  • League: Platinum

Kyno - Winner!

  • Race: Protoss Protoss
  • League: Platinum

VOD

Have the link to the VOD?

Description

Time

  • Played on: Aug. 3, 2015, 11:44 p.m.
  • Length: 21:56
Show
View Real Time Build Order
Export as new Build Order

jinjinn Terran 

Build Orders: Reaper Expand, Mech 

Get SALT Encoding   

  12  0:00  SCV  
  13  0:13  SCV  
  14  0:17  Supply Depot  
  14  0:25  SCV  
  15  0:29  Refinery  
  15  0:39  SCV  
  16  0:45  Barracks  
  16  0:51  SCV  
  17  1:08  SCV  
  18  1:21  SCV  
  19  1:33  Orbital Command  
  19  1:34  Reaper  
  20  1:55  Command Center  
  20  1:59  SCV  
  21  2:05  Supply Depot  
  21  2:07  Barracks Reactor  
  21  2:18  SCV  
  21  2:20  Factory  
  22  2:30  SCV  
  23  2:38  Engineering Bay  
  23  2:42  SCV  
  23  2:43  Marine x2  
  25  2:51  Bunker  
  25  2:54  SCV  
  25  2:57  Refinery  
  26  2:59  Supply Depot  
  26  3:04  Engineering Bay  
  26  3:07  Widow Mine  
  28  3:21  Marine x2  
  28  3:24  Orbital Command  
  29  3:28  SCV  
  25  3:46  SCV  
  26  3:49  Missile Turret  
  26  3:54  Factory Tech Lab  
  26  3:58  Marine  
  26  3:59  SCV  
  26  4:00  Marine  
  28  4:03  SCV  
  27  4:11  SCV  
  28  4:22  SCV  
  28  4:23  SCV  
  30  4:32  Cyclone  
  30  4:34  SCV  
  30  4:35  Starport  
  30  4:36  SCV  
  35  4:38  Marine  
  35  4:39  Marine  
  37  4:46  SCV  
  37  4:49  Missile Turret  
  37  4:50  SCV  
  38  4:58  SCV  
  39  5:00  Marine x2  
  39  5:02  Missile Turret  
  39  5:06  SCV  
  42  5:10  SCV  
  46  5:14  Cyclone  
  46  5:24  SCV, Medivac  
  46  5:25  SCV  
  50  5:35  Marine x2  
  52  5:37  SCV  
  53  5:51  Orbital Command  
  53  5:59  Refinery  
  53  6:02  Refinery, Bunker  
  53  6:03  SCV  
  54  6:06  Starport Tech Lab  
  54  6:13  Missile Turret  
  54  6:21  Factory  
  54  6:52  Supply Depot  
  54  6:53  Factory  
  54  7:00  Supply Depot  
  54  7:01  Supply Depot  
  54  7:07  Bunker  
  54  7:13  SCV x2, Siege Tank, Raven  
  61  7:16  Supply Depot  
  61  7:22  Hellion x2  
  65  7:25  SCV x2  
  67  7:37  Barracks Reactor, SCV x2  
  67  7:39  Command Center  
  67  7:41  Supply Depot  
  69  7:45  Widow Mine x2  
  69  7:50  SCV x2  
  75  8:01  Factory  
  75  8:02  SCV  
  75  8:03  SCV  
  77  8:11  Siege Tank  
  80  8:14  SCV  
  80  8:18  Armory  
  80  8:19  SCV  
  82  8:24  Supply Depot  
  82  8:27  Widow Mine  
  82  8:30  SCV  
  82  8:31  SCV  
  82  8:34  Liberator  
  86  8:38  Widow Mine  
  88  8:42  SCV  
  88  8:43  SCV  
  88  8:44  Fusion Core  
  88  8:45  Barracks Tech Lab  
  88  8:46  Armory  
  88  8:47  Factory Tech Lab  
  93  9:10  SCV x2  
  93  9:16  Liberator  
  95  9:22  Missile Turret x2  
  89  9:32  Widow Mine x2  
  96  9:38  Unknown  
  96  9:39  Unknown  
  96  9:40  Cyclone x2  
  96  9:41  Cyclone  
  96  9:43  SCV x2  
  107  9:55  SCV x2  
  109  10:11  SCV x2  
  111  10:16  Orbital Command  
  111  10:21  Terran Vehicle And Ship Armor Level 1, Terran Vehicle Weapons Level 1  
  111  10:23  SCV x2  
  111  10:25  Command Center, Widow Mine x2  
  111  10:27  Refinery x2  
  117  10:33  Factory  
  117  10:49  SCV x3  
  120  10:52  Supply Depot  
  120  10:54  Supply Depot  
  120  10:56  Supply Depot x2  
  120  10:58  Widow Mine x2  
  120  10:59  Cyclone x2  
  120  11:02  Barracks Tech Lab  
  120  11:03  Barracks Reactor  
  130  11:06  SCV x3  
  130  11:07  Factory  
  133  11:17  Missile Turret  
  133  11:18  SCV x3  
  134  11:19  Missile Turret  
  134  11:23  Cyclone  
  139  11:31  Widow Mine x2  
  140  11:32  Cyclone  
  140  11:42  SCV x2  
  142  11:52  Infernal Pre-Igniter  
  142  11:59  Refinery  
  142  12:03  SCV x3, Missile Turret  
  142  12:04  Missile Turret  
  142  12:07  Sensor Tower, Missile Turret  
  143  12:14  Drilling Claws  
  143  12:16  Planetary Fortress  
  143  12:21  Widow Mine x3  
  143  12:22  Cyclone  
  152  12:24  Hellion  
  152  12:25  Hellion x2  
  152  12:27  SCV  
  152  12:28  SCV x2  
  152  12:29  Refinery  
  161  12:37  Siege Tank  
  161  12:40  SCV  
  165  12:49  Widow Mine  
  165  12:50  Cyclone x2, Missile Turret  
  173  12:51  Missile Turret  
  171  13:07  Widow Mine x3  
  171  13:08  Cyclone  
  180  13:17  Missile Turret  
  180  13:18  Command Center  
  180  13:20  Missile Turret  
  180  13:21  Missile Turret  
  180  13:22  Missile Turret  
  180  13:23  Missile Turret  
  180  13:26  Sensor Tower  
  180  13:40  Terran Vehicle Weapons Level 2, Terran Vehicle And Ship Armor Level 2  
  179  13:57  Command Center  
  151  14:19  Cyclone x3, Widow Mine x3  
  159  14:31  SCV x3  
  160  14:45  Cyclone  
  145  14:53  Cyclone x3, Widow Mine x3  
  145  15:13  SCV x3  
  139  15:17  SCV  
  136  15:24  Widow Mine x4  
  136  15:25  SCV x2  
  136  15:26  SCV  
  132  15:44  Cyclone x4  
  132  15:46  SCV  
  132  15:47  SCV  
  146  15:54  SCV  
  147  15:57  Refinery  
  147  15:58  Widow Mine x3  
  147  15:59  SCV, Widow Mine  
  147  16:01  Missile Turret  
  140  16:16  Cyclone  
  143  16:20  Widow Mine x2  
  143  16:21  Cyclone  
  119  16:34  Widow Mine x4  
  122  16:48  Cyclone  
  122  16:52  Cyclone  
  104  17:30  Widow Mine x2  
  104  17:31  Cyclone, Widow Mine  
  110  17:37  SCV x3  
  113  17:49  SCV  
  106  17:56  SCV  
  106  17:57  SCV  
  107  18:01  SCV  
  108  18:09  SCV x2  
  110  18:13  Planetary Fortress  
  110  18:20  Widow Mine  
  110  18:23  Refinery  
  110  18:24  Refinery  
  59  19:55  Command Center  
  36  21:24  Command Center  
  36  21:34  Command Center  
Show
View Real Time Build Order
Export as new Build Order

Kyno Protoss - Winner!

Build Orders: Oracle Opening 

Get SALT Encoding   

  12  0:02  Probe  
  13  0:14  Pylon  
  13  0:17  Probe  
  14  0:32  Probe (Chrono Boost)  
  14  0:34  Gateway  
  16  0:43  Probe (Chrono Boost)  
  16  0:46  Assimilator  
  16  0:49  Probe (Chrono Boost)  
  17  1:01  Probe  
  17  1:03  Assimilator  
  18  1:13  Probe  
  19  1:23  Pylon  
  20  1:25  Cybernetics Core, Probe (Chrono Boost)  
  20  1:36  Probe (Chrono Boost), Pylon  
  21  1:42  Probe (Chrono Boost)  
  23  1:54  Probe (Chrono Boost)  
  23  2:01  Adept  
  23  2:03  Stargate  
  23  2:06  Warp Gate (Chrono Boost)  
  24  2:42  Adept  
  26  2:49  Mothership Core  
  28  2:54  Oracle (Chrono Boost)  
  31  3:09  Adept  
  31  3:10  Pylon  
  33  3:26  Oracle (Chrono Boost)  
  36  3:35  Nexus  
  36  3:37  Nexus  
  36  3:44  Probe  
  37  3:55  Oracle (Chrono Boost)  
  37  3:56  Probe  
  38  4:08  Probe  
  39  4:20  Probe  
  40  4:30  Oracle  
  43  4:32  Probe (Chrono Boost)  
  43  4:35  Pylon  
  43  4:38  Forge  
  44  4:44  Probe (Chrono Boost)  
  45  4:51  Probe (Chrono Boost)  
  46  4:56  Assimilator  
  46  4:57  Probe (Chrono Boost)  
  46  4:59  Assimilator  
  47  5:01  Probe (Chrono Boost)  
  47  5:06  Oracle  
  52  5:08  Probe (Chrono Boost)  
  52  5:09  Probe (Chrono Boost)  
  53  5:17  Probe  
  53  5:18  Probe (Chrono Boost)  
  55  5:26  Photon Cannon  
  55  5:30  Probe (Chrono Boost)  
  55  5:31  Photon Cannon  
  55  5:35  Probe (Chrono Boost)  
  57  5:39  Probe (Chrono Boost)  
  57  5:42  Oracle (Chrono Boost)  
  61  5:52  Pylon  
  61  5:55  Pylon  
  61  5:58  Pylon  
  61  5:59  Pylon  
  61  6:03  Probe x2  
  63  6:08  Twilight Council  
  63  6:11  Oracle (Chrono Boost)  
  63  6:15  Probe x2  
  68  6:19  Protoss Ground Weapons Level 1 (Chrono Boost)  
  68  6:20  Gateway  
  68  6:44  Probe x2, Blink (Chrono Boost)  
  68  6:46  Oracle  
  73  6:55  Gateway  
  73  6:56  Probe, Nexus  
  73  6:58  Stalker  
  76  7:09  Probe x2  
  78  7:20  Gateway  
  78  7:21  Probe  
  79  7:22  Gateway  
  79  7:27  Probe  
  80  7:33  Probe  
  81  7:39  Probe  
  81  7:40  Pylon  
  82  7:44  Protoss Ground Armor Level 1 (Chrono Boost), Assimilator  
  82  7:45  Probe  
  82  7:48  Assimilator  
  83  7:51  Probe  
  83  7:58  Probe, Pylon  
  85  8:00  Pylon  
  85  8:03  Probe  
  86  8:06  Gateway  
  86  8:08  Gateway  
  86  8:10  Gateway  
  86  8:11  Probe x2  
  88  8:16  Photon Cannon  
  88  8:20  Photon Cannon  
  88  8:23  Gateway  
  88  8:24  Gateway  
  88  8:31  Probe (Chrono Boost)  
  91  8:36  Probe (Chrono Boost)  
  91  8:37  Probe (Chrono Boost)  
  91  8:46  Probe x2 (Chrono Boost)  
  93  8:50  Stalker x2  
  93  8:51  Stalker x3  
  93  8:52  Charge (Chrono Boost)  
  103  9:04  Probe x3  
  106  9:11  Templar Archives  
  106  9:16  Probe x2, Protoss Ground Weapons Level 2 (Chrono Boost)  
  108  9:36  Probe x2  
  110  9:53  Stalker  
  110  9:54  Stalker x4  
  110  9:55  Stalker  
  122  10:01  Stalker x3  
  122  10:03  Psionic Storm  
  128  10:26  Nexus  
  128  10:28  Stargate  
  128  10:30  Stargate, Assimilator  
  128  10:33  Stargate, Assimilator  
  128  10:34  Fleet Beacon  
  128  10:36  Pylon  
  128  10:37  Pylon  
  128  10:39  Pylon  
  128  10:41  Pylon  
  128  10:53  Protoss Air Weapons Level 1 (Chrono Boost)  
  128  10:56  Pylon  
  128  10:59  Carrier x2 (Chrono Boost)  
  128  11:00  Carrier (Chrono Boost)  
  128  11:15  Protoss Ground Armor Level 2 (Chrono Boost)  
  146  11:41  Graviton Catapult (Chrono Boost)  
  152  11:56  Photon Cannon  
  152  11:59  Photon Cannon  
  152  12:00  Carrier x2 (Chrono Boost)  
  152  12:03  Photon Cannon  
  143  12:16  Stalker x5  
  143  12:17  Stalker x4  
  173  12:25  Dark Shrine  
  173  12:34  Carrier (Chrono Boost)  
  173  12:43  Protoss Air Armor Level 1 (Chrono Boost)  
  173  13:02  Nexus  
  173  13:05  Assimilator  
  179  13:10  Carrier x2 (Chrono Boost), Assimilator  
  179  13:13  Protoss Shields Level 1 (Chrono Boost), Pylon  
  179  13:16  Pylon  
  179  13:18  Pylon  
  179  13:24  Pylon  
  191  13:34  Pylon  
  191  13:38  Carrier (Chrono Boost)  
  171  14:07  Carrier x2 (Chrono Boost)  
  161  14:10  Photon Cannon  
  154  14:32  Carrier  
  154  14:52  Protoss Ground Weapons Level 3 (Chrono Boost)  
  154  15:04  Carrier  
  154  15:06  Protoss Air Weapons Level 2 (Chrono Boost)  
  154  15:14  Carrier  
  160  16:00  Nexus  
  160  16:02  Assimilator  
  157  16:31  Dark Templar  
  145  19:39  Protoss Shields Level 2 (Chrono Boost)  
  144  20:36  Carrier x3 (Chrono Boost)  
  162  21:04  Nexus  
  162  21:06  Assimilator  
  162  21:11  Assimilator  
  162  21:28  Stalker x5  
Tags
 
Add a new tag
Caveats
  • Supply blocks, unpowered buildings, or Contaminate may cause inaccurate times.
  • Supply counts are checked every 10 seconds.